 Dungeon Crawl Stone Soup version 0.29.1-1-gd02db69 (webtiles) character file.

Game seed: 16739696064566438425

23 bonegar the Trooper (level 2, 0/24 HPs)
             Began as a Demonspawn Abyssal Knight on Mar 13, 2023.
             Was a Believer of Lugonu.
             Slain by a kobold
             ... wielding a +0 whip
              (2 damage)
             ... on level 1 of the Dungeon.
             The game lasted 00:06:35 (1239 turns).

bonegar the Trooper (Demonspawn Abyssal Knight)     Turns: 1239, Time: 00:06:36

Health: 0/24       AC:  5    Str: 13    XL:     2   Next: 75%
Magic:  3/3        EV: 10    Int: 11    God:    Lugonu [**....]
Gold:   57         SH:  0    Dex: 13    Spells: 1/1 levels left

rFire   . . .      SeeInvis .   a - +1 hand axe
rCold   . . .      Faith    .   (no shield)
rNeg    . . .      Spirit   .   l - +0 ring mail
rPois   .          Reflect  .   (no helmet)
rElec   .          Harm     .   (no cloak)
rCorr   .          Rampage  .   (no gloves)
Will    .....                   (no boots)
Stlth   +.........              (no amulet)
HPRegen 0.08/turn               (no ring)
MPRegen 0.08/turn               (no ring)

@: no status effects
A: hooves 1
a: Renounce Religion, Depart the Abyss, Bend Space


You were on level 1 of the Dungeon.
You worshipped Lugonu.
Lugonu was pleased with you.
You visited 1 branch of the dungeon, and saw 2 of its levels.
You visited the Abyss 1 time.

You collected 57 gold pieces.

Inventory:

Hand Weapons
 a - a +1 hand axe (weapon)
 i - a +0 spear
Missiles
 e - a poisoned dart (quivered)
Armour
 b - a +0 leather armour
 l - a +0 ring mail (worn)
Scrolls
 c - a scroll of enchant armour {unknown}
 d - a scroll of summoning {unknown}
 f - a scroll of torment {unknown}
 h - a scroll of silence {unknown}
 k - 2 scrolls of noise {unknown}
 m - a scroll of fear {unknown}
 n - a scroll of brand weapon {unknown}


   Skills:
 + Level 3.3 Fighting
 + Level 2.2 Axes
 + Level 0.1 Throwing
 + Level 2.1 Armour
 + Level 0.8 Dodging
 + Level 0.4 Stealth
 + Level 2.4 Invocations


You had one spell level left.
You didn't know any spells.
Your spell library was empty.

Dungeon Overview and Level Annotations

Branches:
Dungeon (2/15)

Altars:

Annotations:
D:2 Jessica, Robin


Innate Abilities, Weirdness & Mutations

You have large cloven feet.


Message History

Lugonu accepts your kill.
You hit the endoplasm. You hit the kobold. You hit the goblin.
You kill the goblin!
Lugonu accepts your kill. The endoplasm freezes you.
You are frozen.
The goblin closely misses you. The kobold hits you but does no damage.
You closely miss the goblin. Your kick misses the goblin.
The goblin is heavily wounded.
You hit the endoplasm but do no damage. You completely miss the kobold.
The endoplasm freezes you.
You are frozen.
* * * LOW HITPOINT WARNING * * *
The goblin hits you but does no damage. The kobold hits you with a +0 whip.
* * * LOW HITPOINT WARNING * * *
The endoplasm hits you.
* * * LOW HITPOINT WARNING * * *
The goblin misses you.
It was a potion of curing.
You feel better. The kobold hits you with a +0 whip.
* * * LOW HITPOINT WARNING * * *
The goblin hits you but does no damage. The endoplasm barely misses you.
You barely miss the endoplasm.
The endoplasm is almost dead.
You hit the kobold but do no damage. You hit the goblin.
You kill the goblin!
Lugonu accepts your kill. The kobold hits you but does no damage.
The endoplasm hits you but does no damage.
You hit the endoplasm. Your kick misses the endoplasm.
The endoplasm is almost dead.
You closely miss the kobold. The kobold hits you but does no damage.
The endoplasm freezes you.
You are frozen.
* * * LOW HITPOINT WARNING * * *
The kobold hits you but does no damage.
You hit the endoplasm.
You kill the endoplasm!
Lugonu accepts your kill.
You hit the kobold but do no damage. The kobold hits you with a +0 whip.
You die...

.#####.......#....#.#.....#8#§§#§
.......#####.#.°..#.'.><..'.'§§§§
.#####.##....#....#.#.....#8#§§§.
.# #.##.##.#....####.§.####§..§
.# #.##.##.#.#..## ##§## ##....
## #.......##..## #≈.≈# ##..#
####.###.##### ####### #### #.#
#.#())##.......# #.#
#..†@.#....§.≈..#
######.#####K))#.≈.≈§≈...#
#........##....##...§§§.##
#..#.##..##.....#### ###
#..#.##..##.....# #.#
#..#..#..##.....# #.#
#..##.#..##.....# ##.#
#..##.#..########### #..#
#........# #.......# #.##


You could see a kobold.

Vanquished Creatures
  A dart slug (D:1)
  2 endoplasms (D:1)
  6 goblins (D:1)
  A hobgoblin (D:1)
  3 jackals (D:1)
  2 kobolds (D:1)
  2 ball pythons (D:1)
  A bat (D:1)
  2 frilled lizards (D:1)
  2 rats (D:1)
22 creatures vanquished.

Notes
Turn   | Place    | Note
-------+----------+-------------------------------------------
     0 | Abyss:1  | bonegar the Demonspawn Abyssal Knight began the quest for
                  | the Orb.
     0 | Abyss:1  | Reached XP level 1. HP: 18/18 MP: 2/2
     1 | D:1      | Escaped the Abyss
   331 | D:1      | Discovered your monstrous ancestry.
   331 | D:1      | Gained mutation: You have large cloven feet. [demonic
                  | ancestry]
   331 | D:1      | Reached XP level 2. HP: 24/24 MP: 3/3
   521 | D:1      | Found a faded altar of an unknown god.
  1212 | D:2      | Noticed Jessica
  1226 | D:2      | Noticed Robin
  1239 | D:1      | Slain by a kobold

Illustrated notes

Levels and vault maps discovered:
D:1:      shiori_arrival_elements, layout_loops_cross,
          ebering_ecumenical_altar_hall, nicolae_titane
D:2:      layout_rooms, uniq_natasha, uniq_robin, uniq_jessica

Skill      XL: |  1 |
---------------+----+-----
Armour         | 2 |  2.1
Axes           | 2 |  2.2
Fighting       | |  3.3
Throwing       | |  0.1
Dodging        | |  0.8
Stealth        | |  0.4
Invocations    | |  2.4

Action                   || total
-------------------------++-------
Melee: Hand axe          ||    42
       Kick              ||     2
Throw: Dart              ||    11
       Throwing net      ||     1
  Use: Potion            ||     1
 Stab: Sleeping          ||     1
Armor: Leather armour    ||     9
       Ring mail         ||    20
Dodge: Dodged            ||    47
